Workbook

Sheet Calculator
A1: Scenario Planning Calculator (base case vs what-if)
A2: How to use: change the blue cells (light yellow). Every other number is a live formula.
A4: Base case
A5: Cash in the bank | B5: 600000
A6: Current MRR | B6: 50000
A7: Monthly MRR growth | B7: 0.08
A8: Monthly churn | B8: 0.02
A9: Gross margin | B9: 0.8
A10: Non-payroll costs per month | B10: 30000
A11: Headcount | B11: 8
A12: Fully loaded cost per head per month | B12: 11000
A14: What-if levers (added to the base case)
A15: Change in headcount | B15: 2
A16: Change in growth (percentage points) | B16: 0
A17: Change in churn (percentage points) | B17: 0
A18: Price change (applied to current MRR) | B18: 0
A20: Scenario parameters
A21: Scenario headcount | B21: =MAX(0,MAX(0,$B$11)+$B$15)
A22: Scenario growth | B22: =MAX(0,$B$7+$B$16)
A23: Scenario churn | B23: =MAX(0,$B$8+$B$17)
A24: Scenario starting MRR | B24: =MAX(0,$B$6*(1+$B$18))
A25: Gross margin used | B25: =MIN(1,MAX(0,$B$9))
A27: Results
A28: Runway, base case | B28: =IF(COUNT(Monthly!$E$2:$E$61)=0,"Infinite",MIN(Monthly!$E$2:$E$61))
A29: Runway, scenario | B29: =IF(COUNT(Monthly!$J$2:$J$61)=0,"Infinite",MIN(Monthly!$J$2:$J$61))
A30: Runway change | B30: =IF(AND(ISNUMBER($B$28),ISNUMBER($B$29)),$B$29-$B$28,IF(AND(ISNUMBER($B$28),NOT(ISNUMBER($B$29))),"Now infinite (turns positive)",IF(ISNUMBER($B$29),"Loses infinite runway","Both infinite (cash-flow positive)")))
A31: MRR in month 12, base | B31: =Monthly!B13
A32: MRR in month 12, scenario | B32: =Monthly!G13
A33: MRR in month 12, change | B33: =$B$32-$B$31
A34: Net burn in month 1, base | B34: =Monthly!C2
A35: Net burn in month 1, scenario | B35: =Monthly!H2
A36: Net burn in month 1, change | B36: =$B$35-$B$34
A37: Cash at end of month 12, base | B37: =Monthly!D13
A38: Cash at end of month 12, scenario | B38: =Monthly!I13
A39: Cash at end of month 12, change | B39: =$B$38-$B$37

Sheet Monthly
A1: Month | B1: Base MRR | C1: Base net burn | D1: Base cash at end | E1: Base runway if $0 here | G1: Scenario MRR | H1: Scenario net burn | I1: Scenario cash at end | J1: Scenario runway if $0 here
A2: 1 | B2: =MAX(0,MAX(0,Calculator!$B$6)*(1+Calculator!$B$7-Calculator!$B$8)) | C2: =Calculator!$B$10+MAX(0,Calculator!$B$11)*Calculator!$B$12+B2*(1-Calculator!$B$25)-B2 | D2: =Calculator!$B$5-C2 | E2: =IF(AND(Calculator!$B$5>0,D2<=0,C2>0),(A2-1)+Calculator!$B$5/C2,"") | G2: =MAX(0,Calculator!$B$24*(1+Calculator!$B$22-Calculator!$B$23)) | H2: =Calculator!$B$10+Calculator!$B$21*Calculator!$B$12+G2*(1-Calculator!$B$25)-G2 | I2: =Calculator!$B$5-H2 | J2: =IF(AND(Calculator!$B$5>0,I2<=0,H2>0),(A2-1)+Calculator!$B$5/H2,"")
A3: 2 | B3: =MAX(0,B2*(1+Calculator!$B$7-Calculator!$B$8)) | C3: =Calculator!$B$10+MAX(0,Calculator!$B$11)*Calculator!$B$12+B3*(1-Calculator!$B$25)-B3 | D3: =D2-C3 | E3: =IF(AND(D2>0,D3<=0,C3>0),(A3-1)+D2/C3,"") | G3: =MAX(0,G2*(1+Calculator!$B$22-Calculator!$B$23)) | H3: =Calculator!$B$10+Calculator!$B$21*Calculator!$B$12+G3*(1-Calculator!$B$25)-G3 | I3: =I2-H3 | J3: =IF(AND(I2>0,I3<=0,H3>0),(A3-1)+I2/H3,"")
A4: 3 | B4: =MAX(0,B3*(1+Calculator!$B$7-Calculator!$B$8)) | C4: =Calculator!$B$10+MAX(0,Calculator!$B$11)*Calculator!$B$12+B4*(1-Calculator!$B$25)-B4 | D4: =D3-C4 | E4: =IF(AND(D3>0,D4<=0,C4>0),(A4-1)+D3/C4,"") | G4: =MAX(0,G3*(1+Calculator!$B$22-Calculator!$B$23)) | H4: =Calculator!$B$10+Calculator!$B$21*Calculator!$B$12+G4*(1-Calculator!$B$25)-G4 | I4: =I3-H4 | J4: =IF(AND(I3>0,I4<=0,H4>0),(A4-1)+I3/H4,"")
A5: 4 | B5: =MAX(0,B4*(1+Calculator!$B$7-Calculator!$B$8)) | C5: =Calculator!$B$10+MAX(0,Calculator!$B$11)*Calculator!$B$12+B5*(1-Calculator!$B$25)-B5 | D5: =D4-C5 | E5: =IF(AND(D4>0,D5<=0,C5>0),(A5-1)+D4/C5,"") | G5: =MAX(0,G4*(1+Calculator!$B$22-Calculator!$B$23)) | H5: =Calculator!$B$10+Calculator!$B$21*Calculator!$B$12+G5*(1-Calculator!$B$25)-G5 | I5: =I4-H5 | J5: =IF(AND(I4>0,I5<=0,H5>0),(A5-1)+I4/H5,"")
A6: 5 | B6: =MAX(0,B5*(1+Calculator!$B$7-Calculator!$B$8)) | C6: =Calculator!$B$10+MAX(0,Calculator!$B$11)*Calculator!$B$12+B6*(1-Calculator!$B$25)-B6 | D6: =D5-C6 | E6: =IF(AND(D5>0,D6<=0,C6>0),(A6-1)+D5/C6,"") | G6: =MAX(0,G5*(1+Calculator!$B$22-Calculator!$B$23)) | H6: =Calculator!$B$10+Calculator!$B$21*Calculator!$B$12+G6*(1-Calculator!$B$25)-G6 | I6: =I5-H6 | J6: =IF(AND(I5>0,I6<=0,H6>0),(A6-1)+I5/H6,"")
A7: 6 | B7: =MAX(0,B6*(1+Calculator!$B$7-Calculator!$B$8)) | C7: =Calculator!$B$10+MAX(0,Calculator!$B$11)*Calculator!$B$12+B7*(1-Calculator!$B$25)-B7 | D7: =D6-C7 | E7: =IF(AND(D6>0,D7<=0,C7>0),(A7-1)+D6/C7,"") | G7: =MAX(0,G6*(1+Calculator!$B$22-Calculator!$B$23)) | H7: =Calculator!$B$10+Calculator!$B$21*Calculator!$B$12+G7*(1-Calculator!$B$25)-G7 | I7: =I6-H7 | J7: =IF(AND(I6>0,I7<=0,H7>0),(A7-1)+I6/H7,"")
A8: 7 | B8: =MAX(0,B7*(1+Calculator!$B$7-Calculator!$B$8)) | C8: =Calculator!$B$10+MAX(0,Calculator!$B$11)*Calculator!$B$12+B8*(1-Calculator!$B$25)-B8 | D8: =D7-C8 | E8: =IF(AND(D7>0,D8<=0,C8>0),(A8-1)+D7/C8,"") | G8: =MAX(0,G7*(1+Calculator!$B$22-Calculator!$B$23)) | H8: =Calculator!$B$10+Calculator!$B$21*Calculator!$B$12+G8*(1-Calculator!$B$25)-G8 | I8: =I7-H8 | J8: =IF(AND(I7>0,I8<=0,H8>0),(A8-1)+I7/H8,"")
A9: 8 | B9: =MAX(0,B8*(1+Calculator!$B$7-Calculator!$B$8)) | C9: =Calculator!$B$10+MAX(0,Calculator!$B$11)*Calculator!$B$12+B9*(1-Calculator!$B$25)-B9 | D9: =D8-C9 | E9: =IF(AND(D8>0,D9<=0,C9>0),(A9-1)+D8/C9,"") | G9: =MAX(0,G8*(1+Calculator!$B$22-Calculator!$B$23)) | H9: =Calculator!$B$10+Calculator!$B$21*Calculator!$B$12+G9*(1-Calculator!$B$25)-G9 | I9: =I8-H9 | J9: =IF(AND(I8>0,I9<=0,H9>0),(A9-1)+I8/H9,"")
A10: 9 | B10: =MAX(0,B9*(1+Calculator!$B$7-Calculator!$B$8)) | C10: =Calculator!$B$10+MAX(0,Calculator!$B$11)*Calculator!$B$12+B10*(1-Calculator!$B$25)-B10 | D10: =D9-C10 | E10: =IF(AND(D9>0,D10<=0,C10>0),(A10-1)+D9/C10,"") | G10: =MAX(0,G9*(1+Calculator!$B$22-Calculator!$B$23)) | H10: =Calculator!$B$10+Calculator!$B$21*Calculator!$B$12+G10*(1-Calculator!$B$25)-G10 | I10: =I9-H10 | J10: =IF(AND(I9>0,I10<=0,H10>0),(A10-1)+I9/H10,"")
A11: 10 | B11: =MAX(0,B10*(1+Calculator!$B$7-Calculator!$B$8)) | C11: =Calculator!$B$10+MAX(0,Calculator!$B$11)*Calculator!$B$12+B11*(1-Calculator!$B$25)-B11 | D11: =D10-C11 | E11: =IF(AND(D10>0,D11<=0,C11>0),(A11-1)+D10/C11,"") | G11: =MAX(0,G10*(1+Calculator!$B$22-Calculator!$B$23)) | H11: =Calculator!$B$10+Calculator!$B$21*Calculator!$B$12+G11*(1-Calculator!$B$25)-G11 | I11: =I10-H11 | J11: =IF(AND(I10>0,I11<=0,H11>0),(A11-1)+I10/H11,"")
A12: 11 | B12: =MAX(0,B11*(1+Calculator!$B$7-Calculator!$B$8)) | C12: =Calculator!$B$10+MAX(0,Calculator!$B$11)*Calculator!$B$12+B12*(1-Calculator!$B$25)-B12 | D12: =D11-C12 | E12: =IF(AND(D11>0,D12<=0,C12>0),(A12-1)+D11/C12,"") | G12: =MAX(0,G11*(1+Calculator!$B$22-Calculator!$B$23)) | H12: =Calculator!$B$10+Calculator!$B$21*Calculator!$B$12+G12*(1-Calculator!$B$25)-G12 | I12: =I11-H12 | J12: =IF(AND(I11>0,I12<=0,H12>0),(A12-1)+I11/H12,"")
A13: 12 | B13: =MAX(0,B12*(1+Calculator!$B$7-Calculator!$B$8)) | C13: =Calculator!$B$10+MAX(0,Calculator!$B$11)*Calculator!$B$12+B13*(1-Calculator!$B$25)-B13 | D13: =D12-C13 | E13: =IF(AND(D12>0,D13<=0,C13>0),(A13-1)+D12/C13,"") | G13: =MAX(0,G12*(1+Calculator!$B$22-Calculator!$B$23)) | H13: =Calculator!$B$10+Calculator!$B$21*Calculator!$B$12+G13*(1-Calculator!$B$25)-G13 | I13: =I12-H13 | J13: =IF(AND(I12>0,I13<=0,H13>0),(A13-1)+I12/H13,"")
A14: 13 | B14: =MAX(0,B13*(1+Calculator!$B$7-Calculator!$B$8)) | C14: =Calculator!$B$10+MAX(0,Calculator!$B$11)*Calculator!$B$12+B14*(1-Calculator!$B$25)-B14 | D14: =D13-C14 | E14: =IF(AND(D13>0,D14<=0,C14>0),(A14-1)+D13/C14,"") | G14: =MAX(0,G13*(1+Calculator!$B$22-Calculator!$B$23)) | H14: =Calculator!$B$10+Calculator!$B$21*Calculator!$B$12+G14*(1-Calculator!$B$25)-G14 | I14: =I13-H14 | J14: =IF(AND(I13>0,I14<=0,H14>0),(A14-1)+I13/H14,"")
... A61: 60 | B61: =MAX(0,B60*(1+Calculator!$B$7-Calculator!$B$8)) | C61: =Calculator!$B$10+MAX(0,Calculator!$B$11)*Calculator!$B$12+B61*(1-Calculator!$B$25)-B61 | D61: =D60-C61 | E61: =IF(AND(D60>0,D61<=0,C61>0),(A61-1)+D60/C61,"") | G61: =MAX(0,G60*(1+Calculator!$B$22-Calculator!$B$23)) | H61: =Calculator!$B$10+Calculator!$B$21*Calculator!$B$12+G61*(1-Calculator!$B$25)-G61 | I61: =I60-H61 | J61: =IF(AND(I60>0,I61<=0,H61>0),(A61-1)+I60/H61,"")

Sheet About
A1: Free template by Adlega
A2: Live calculator: https://adlega.com/blog/tools/scenario/
A3: Version: October 2026
A5: This template is a planning aid, not tax, legal or investment advice. Check the numbers with your own advisers before you act on them.
A6: Blue cells on a light yellow background are inputs. Every other number is a live Excel formula that mirrors the web calculator.
A8: Each month: MRR grows by growth minus churn; costs = non-payroll costs + headcount x cost per head + MRR x (1 - gross margin); net burn = costs - MRR. 60 months simulated.
A10: Adlega is a financial forecasting and planning app for SaaS founders: https://adlega.com
